[Event "Mitropa Cup Women 2024"]
[Site "Apolda"]
[Date "2024.02.18"]
[Round "4.1"]
[White "Hagarova, Zuzana"]
[Black "Heinemann, Josefine"]
[Result "1-0"]
[ECO "B95"]
[WhiteElo "2280"]
[BlackElo "2361"]
[Annotator "TA"]
[PlyCount "121"]
[EventDate "2024.02.15"]
[EventType "team-tourn"]
[EventCountry "GER"]
[SourceTitle "playchess.com"]
[Source "ChessBase"]
[SourceQuality "1"]
[WhiteTeam "Slovakia"]
[BlackTeam "Germany"]
[WhiteTeamCountry "SVK"]
[BlackTeamCountry "GER"]
[TimeControl "40/5400+30:1800+30"]

1. e4 c5 2. Nf3 d6 3. d4 cxd4 4. Nxd4 Nf6 5. Nc3 a6 6. Bg5 e6 7. Qd3 Nbd7 8. O-O-O b5 $1 9. f4 b4 10. Bxf6 (10. Na4 $11 {remains equal.}) 10... Nxf6 $17 11. Nce2 {[%emt 0:00:41][%cal Og2g4] Black is better.} Bb7 12. e5 (12. Ng3 $17 {was called for.}) 12... dxe5 $1 $19 13. fxe5 Ne4 14. Qe3 {[%emt 0:09:55][%cal Od4e6] Repels Nf2} Qb6 15. Ng3 Nxg3 16. Qxg3 g6 {[%emt 0:02:11] aiming for ...Rd8.} 17. Bd3 Bg7 (17... Qxd4 $2 18. Bb5+ axb5 19. Rxd4 $18) 18. h4 Qc7 (18... Qxd4 $2 19. Bb5+ axb5 20. Rxd4 $18) (18... O-O $1 $19 19. Nf3 Qa5) 19. Rhe1 O-O 20. h5 $1 Bd5 {[%emt 0:02:18] ...Qa5 is the strong threat. This pair of bishops is nice.} (20... gxh5 21. Qg5 $11) 21. Kb1 a5 (21... gxh5 22. Qh3 $11) 22. Nb5 Qb8 (22... Qc5 $15 {stays ahead.} 23. Nd6 a4) 23. Re2 (23. Nd6 $16) 23... a4 (23... Qb6 $11) 24. Rh1 ({White should play} 24. hxg6 $1 $16 fxg6 25. Rh1) 24... Rd8 $2 (24... Ra5 $1 $11 25. Nd6 b3 26. hxg6 bxa2+ (26... bxc2+ $2 27. Rxc2 Bxa2+ 28. Kxa2 $18) 27. Ka1 fxg6 (27... hxg6 $2 28. Qh4 $18)) 25. hxg6 $1 $18 hxg6 26. Qh4 $2 {[%emt 0:01:31] [#]} (26. Bxg6 $18 f5 (26... Qxb5 $2 27. Bxf7+ Kf8 28. Bg6 $18) (26... fxg6 27. Qxg6 Bxa2+ 28. Kc1 $18) 27. Nd6 Rxd6 28. exd6) 26... Bxa2+ $1 27. Kxa2 $11 {[%emt 0:00:52] Qh7+ would now be deadly.} b3+ 28. Kb1 $1 (28. cxb3 $2 Rxd3 (28... axb3+ $2 29. Kb1 $19) 29. Qc4 axb3+ (29... Rxb3 $2 30. Nc7 $19) 30. Kb1 Qd8 $19) 28... bxc2+ $2 (28... Rxd3 $1 $11 {and Black is okay.} 29. cxd3 Qxb5) 29. Rxc2 $18 (29. Kxc2 Rxd3 (29... Bxe5 $2 30. Qh7+ Kf8 31. Bxg6 $18) 30. Nd4 Rxd4 31. Qxd4 a3 32. bxa3 Qc8+ (32... Rxa3 33. Rb1 $17) 33. Kd1 Rxa3 $15) 29... Rxd3 $2 (29... Qxe5 30. Bxg6 Qf6 (30... Qxb5 $2 31. Qh7+ Kf8 32. Bxf7 $18)) 30. Nd6 $2 (30. Qh7+ $18 Kf8 31. Nc7 Bxe5 32. Rf1 (32. Nxa8 Rb3 $18)) 30... Rxd6 (30... Bxe5 31. Qh7+ Kf8 32. Qxf7#) (30... a3 {seems wilder.} 31. Qh7+ Kf8 32. Rf2 Rxd6 33. Rxf7+ Kxf7 34. Rf1+ Ke8) 31. exd6 Qxd6 {[%emt 0:00:05] Hoping for ...a3.} 32. Qe4 {[%emt 0:00:47] Some like it hot} Qa6 33. Rhc1 $36 {[%emt 0:00:54][%cal Oe4a8][%mdl 2048] Threatens to win with Qxa8+! White has the initiative.} Rb8 34. Qf4 Rf8 35. Qc4 Qa7 36. Qb4 Bf6 37. Rc8 Be7 {[%emt 0:01:01][%mdl 8192] [#] White stays focused until the end.} (37... Rxc8 $14 38. Rxc8+ Kh7) 38. Rxf8+ $1 Kxf8 {[%emt 0:00:06][%mdl 4096] Endgame. [#] KQR-KQB} (38... Bxf8 39. Rc8 Kg7 40. Qxf8+) 39. Qc3 (39. Rc8+ $1 $18 Kg7 40. Qc3+ Kh6 (40... Bf6 $2 41. Qh3 $18) 41. Qc1+ (41. Rh8+ Kg5 $18) 41... Kg7 42. Rc7) 39... Bd6 $2 (39... Bd8 $16) 40. Qh8+ (40. Qf6 $142 Bc7 41. Rh1) 40... Ke7 41. Qh4+ Kd7 42. Qf6 Be7 43. Qxf7 Qd4 {[%emt 0:00:12][%cal Oa4a3] Prevents Rd1} 44. Qf3 {[%emt 0:04:57] White threatens Qc6+ and mate.} ({Weaker is} 44. Qxg6 a3 45. Qc2 Qxb2+ 46. Qxb2 axb2 47. Kxb2 Bf8 $18) 44... Ke8 45. Rd1 Qc4 (45... Qe5 46. Qa8+ Kf7 47. Qxa4 Bf6 48. Rd7+ Be7) 46. Qd3 Qxd3+ 47. Rxd3 {[%emt 0:00:05] KR-KB} Bc5 {[%emt 0:03:29] Inhibits Rd4.} 48. Rc3 Bd6 49. Rc4 a3 50. b4 {[%emt 0:00:15] And now b5 would win.} e5 51. Ka2 {[%emt 0:00:21] White mates.} Ke7 52. Kxa3 Ke6 53. Kb3 g5 54. Kc3 Kd5 55. Kd3 Be7 56. b5 Bd8 57. Rc8 Bb6 58. Rg8 Bd4 59. Rxg5 Kc5 60. Ke4 Kxb5 61. Rxe5+ {[%emt 0:00:21] Weighted Error Value: White=0.56/Black=0.56.  Loses game:     	---       	Black=5      Missed win:     	White=3     	---        Mistake:       	White=5     	Black=6      Inaccurate:     	White=2     	Black=5      OK:         	White=6     	Black=9      Best:        	White=3     	Black=3      Strong:       	White=4     	---} 1-0

[Event "Mitropa Cup Women 2024"]
[Site "Apolda"]
[Date "2024.02.18"]
[Round "4.2"]
[White "Schneider, Jana"]
[Black "Walter, Ema"]
[Result "1-0"]
[ECO "C60"]
[WhiteElo "2331"]
[BlackElo "2124"]
[Annotator "TA"]
[PlyCount "63"]
[EventDate "2024.02.15"]
[EventType "team-tourn"]
[EventCountry "GER"]
[SourceTitle "playchess.com"]
[Source "ChessBase"]
[SourceQuality "1"]
[WhiteTeam "Germany"]
[BlackTeam "Slovakia"]
[WhiteTeamCountry "GER"]
[BlackTeamCountry "SVK"]
[TimeControl "40/5400+30:1800+30"]

1. e4 e5 2. Nf3 Nc6 3. Bb5 Nge7 4. Nc3 Ng6 5. h4 Nd4 6. h5 Nf4 7. Nxd4 exd4 8. Qf3 {[%emt 0:00:17] White is slightly better.} Bd6 9. Ne2 Nxe2 10. Bxe2 h6 11. d3 a5 12. Bd2 Be5 {[%emt 0:08:02] Black is weak on the light squares} 13. g3 O-O 14. Qg2 {[%emt 0:01:10] White is more active.} Ra6 15. f4 Bf6 (15... Bd6 $142) 16. O-O-O Qe8 {[%emt 0:18:13] A mistake that costs the game.} (16... Be7 $16) 17. g4 $18 Rb6 18. g5 (18. Bxa5 Ra6 19. Bb4 (19. Bxc7 d6 $11) 19... Rxa2 $11) 18... hxg5 19. fxg5 Be7 20. Rdg1 $36 {[%emt 0:07:02][%cal Og5g6][%mdl 2048] [#] aiming for g6! Keeping Black busy.} (20. Bxa5 Ra6 21. Be1 (21. Bxc7 d6 $16) 21... d5 $11) 20... Ba3 $2 (20... d5 {is more resistant.}) 21. bxa3 Qe7 22. Bg4 {[%emt 0:00:56] Strongly threatening g6.} (22. Bxa5 $2 Qxa3+ 23. Kd2 Qxa5+ 24. Kc1 Qa3+ (24... Qxa2 $2 25. Bd1 $19) 25. Kd2 Qc3+ (25... Qxa2 26. Rc1 $17) 26. Kc1 Rb2 $19) 22... Qxa3+ 23. Kd1 Qxa2 {[%emt 0:05:07] [#]} 24. g6 $1 {[%emt 0:02:21] h6 is the strong threat.} Qb1+ (24... Rb2 25. h6) 25. Ke2 Qxc2 26. Rc1 Qa2 27. h6 Rxg6 28. hxg7 {[%emt 0:00:12] White threatens Qh2 and mate.} ({Not} 28. Rxc7 d5 29. hxg7 (29. Rxc8 Rxc8 30. hxg7 Rc2 $11) 29... Bxg4+ 30. Ke1 Kxg7 $11 (30... Rxg7 31. Qh2 Qb1+ 32. Bc1)) 28... Kxg7 29. Qh3 {[%emt 0:00:43] White mates.} Rg8 30. Rxc7 Kf6 31. Qh4+ ({Inferior is} 31. Bxd7 Rg2+ 32. Kf1 Rf2+ 33. Kxf2 Qxd2+ 34. Kf1 Qd1+ 35. Kf2 Qd2+ 36. Kf1 Qd1+ 37. Kf2 Qd2+ $11) 31... Kg7 32. e5 {[%emt 0:03:41] Weighted Error Value: White=0.05 (flawless) /Black=0.52.  Mistake:       	---       	Black=3      Inaccurate:     	---       	Black=2      OK:         	White=9     	Black=4      Best:        	White=1     	Black=1} 1-0

[Event "Mitropa Cup Women 2024"]
[Site "Apolda"]
[Date "2024.02.18"]
[Round "4.3"]
[White "Sankova, Stella"]
[Black "Klek, Hanna Marie"]
[Result "1/2-1/2"]
[ECO "C45"]
[WhiteElo "2124"]
[BlackElo "2284"]
[Annotator "TA"]
[PlyCount "61"]
[EventDate "2024.02.15"]
[EventType "team-tourn"]
[EventCountry "GER"]
[SourceTitle "playchess.com"]
[Source "ChessBase"]
[SourceQuality "1"]
[WhiteTeam "Slovakia"]
[BlackTeam "Germany"]
[WhiteTeamCountry "SVK"]
[BlackTeamCountry "GER"]
[TimeControl "40/5400+30:1800+30"]

1. e4 e5 2. Nf3 Nc6 3. d4 exd4 4. Nxd4 Bc5 5. Nb3 Bb6 6. Nc3 Nf6 7. Qe2 d6 8. Bg5 h6 9. Bh4 {[%emt 0:00:05] Weiß steht etwas besser.} g5 10. Bg3 Qe7 11. O-O-O Bg4 12. f3 Bd7 13. Qd2 O-O-O 14. Kb1 Ne5 15. h4 Rhg8 16. hxg5 hxg5 17. Bd3 Kb8 18. Rh6 Be6 19. Qe2 (19. Be2 $14) 19... Nfd7 20. Rdh1 Rde8 21. Nd2 (21. Bf2 $11 {war vorzuziehen.}) 21... Ba5 22. Nb5 Qd8 23. Nd4 Rh8 24. Nxe6 fxe6 25. Nc4 Nxc4 26. Bxc4 Rxh6 27. Rxh6 Rh8 28. Rxh8 (28. Rxe6 $2 {zu gefräßig.} Rh1+ $19) 28... Qxh8 29. a3 (29. Bxe6 $2 {ist das falsche Schlagen.} Qh1+ $19) 29... Qf6 30. Qe3 Bb6 31. Qd2 {[%emt 0:00:25] Gewichteter Fehlerwert: Weiß=0.12 (sehr präzise) /Schwarz=0.11 (sehr präzise) .  Fehler:       	Weiß=2     	---        Ungenau:       	Weiß=1     	Schwarz=3     OK:         	Weiß=5     	Schwarz=6     Bester:       	Weiß=1     	---} 1/2-1/2

[Event "Mitropa Cup Women 2024"]
[Site "Apolda"]
[Date "2024.02.18"]
[Round "4.4"]
[White "Dolzhykova, Kateryna"]
[Black "Sevcikova, Lucia"]
[Result "1/2-1/2"]
[ECO "C02"]
[WhiteElo "2227"]
[BlackElo "2007"]
[Annotator "TA"]
[PlyCount "119"]
[EventDate "2024.02.15"]
[EventType "team-tourn"]
[EventCountry "GER"]
[SourceTitle "playchess.com"]
[Source "ChessBase"]
[SourceQuality "1"]
[WhiteTeam "Germany"]
[BlackTeam "Slovakia"]
[WhiteTeamCountry "GER"]
[BlackTeamCountry "SVK"]
[TimeControl "40/5400+30:1800+30"]

1. e4 e6 2. d4 d5 3. e5 c5 4. c3 Qb6 5. Nf3 Bd7 6. Be2 cxd4 7. cxd4 Bb5 8. Nc3 Bxe2 {[%emt 0:00:22] C02: French: Advance Variation.} 9. Nxe2 Bb4+ {[%emt 0:06:53] 9...Ne7 is vanishing.} 10. Kf1 Nd7 11. g3 $146 ({Predecessor:} 11. h4 Rc8 12. Rh3 a6 13. h5 h6 14. Bf4 Bf8 15. Rc1 Ne7 16. Rxc8+ Nxc8 17. Qc2 {1-0 Ni,S (2332)-Yang,Y (2066) CHN-ch (Women) 2023 (10)}) 11... Qa6 12. Kg2 Ne7 13. Nf4 O-O 14. h4 Rac8 15. Nd3 Ba5 16. b4 (16. h5 $14) 16... Rc3 $1 $11 17. Nfe1 ({Better is} 17. Nb2 $11 Bc7 (17... Bxb4 18. Bd2 $11) 18. Na4) 17... Bb6 $15 18. Bb2 Rc4 19. Nc2 Nf5 (19... Rfc8 $17 20. Rc1 Qxa2) 20. Na3 $2 (20. Ne3 $11 {and White has nothing to worry.} Nxe3+ 21. fxe3) 20... Rxd4 $1 $19 21. b5 Qa5 $1 {[%emt 0:01:18] aiming for ...Ra4.} 22. Qb3 {[%emt 0:01:19] [#]} (22. Rc1 $142) 22... Qd2 $1 23. Bxd4 Bxd4 (23... Nxd4 $142 24. Qd1 Qc3) 24. Rae1 Nc5 25. Nxc5 Qxf2+ 26. Kh3 Bxc5 27. Rhf1 Qxg3+ 28. Qxg3 $17 Nxg3 29. Kxg3 Bxa3 $19 {[%emt 0:00:03][%mdl 4096] Endgame. KRR-KRB} 30. Rf3 Bc5 31. Re2 Rd8 32. Rc3 b6 33. a4 Kf8 34. h5 h6 35. Kf3 d4 36. Rd3 {[%emt 0:01:16] [#]} Rd5 $1 37. Re4 Ke7 38. Kg2 f5 39. Re2 Kf7 40. Kf3 Be7 (40... Bb4 $17 41. Rg2 Bc3 (41... Rxe5 42. Rxd4 Be7 43. Rd7 $11)) 41. Rc2 $11 Bc5 42. Kf4 Rd7 43. Rcd2 a6 44. bxa6 Ra7 45. a5 Rxa6 (45... bxa5 $2 {is the wrong capture.} 46. Rc2 Bb4 (46... Bb6 $2 47. Rc6 $18) 47. Rc6 $18) 46. axb6 Rxb6 47. Rc2 Rb5 48. Rg2 {[%emt 0:01:43] [#]} (48. Ra2 $11 {keeps the balance.}) 48... Be7 $1 $17 49. Rxd4 Bg5+ 50. Rxg5 hxg5+ 51. Kxg5 {[%emt 0:00:03] Rd7+ would now be deadly.} Rxe5 {[%emt 0:07:38] KR-KR} (51... Rb2 $17 {White must now prevent ...Kg8.} 52. Rd7+ Kf8) 52. Rd7+ $11 Kf8 53. Kg6 {[%emt 0:01:24] Rf7+ would kill now.} Re3 {[%emt 0:02:23] And now ...Rg3+ would win.} 54. Rf7+ Ke8 {[%emt 0:00:04] ( -> ...Rg3+)} 55. Rxg7 {[%emt 0:00:52] White wants to mate with h6.} Rg3+ 56. Kf6 Rh3 $1 57. Kxe6 Kf8 {[%emt 0:00:12] Against Rg8+} 58. Rf7+ Kg8 59. Rxf5 Kh7 60. Rf7+ 1/2-1/2

[Event "Mitropa Cup Women 2024"]
[Site "Apolda"]
[Date "2024.02.18"]
[Round "4.5"]
[White "Terbe, Julianna"]
[Black "Brunello, Marina"]
[Result "1/2-1/2"]
[ECO "A48"]
[WhiteElo "2315"]
[BlackElo "2345"]
[Annotator "TA"]
[PlyCount "71"]
[EventDate "2024.02.15"]
[EventType "team-tourn"]
[EventCountry "GER"]
[SourceTitle "playchess.com"]
[Source "ChessBase"]
[SourceQuality "1"]
[WhiteTeam "Hungary"]
[BlackTeam "Italy"]
[WhiteTeamCountry "HUN"]
[BlackTeamCountry "ITA"]
[TimeControl "40/5400+30:1800+30"]

1. d4 Nf6 2. Nf3 b6 3. Bf4 Bb7 4. e3 g6 5. h3 Bg7 6. Be2 O-O 7. O-O d6 8. a4 Nbd7 9. c3 c5 10. Nbd2 Ne4 11. Nxe4 Bxe4 12. Nd2 Bb7 13. Bg3 {[%emt 0:08:40] White has an edge.} a6 14. b4 Rc8 15. Qb3 cxd4 16. cxd4 Rc7 17. Rac1 Qb8 18. b5 a5 19. Bc4 Nf6 20. Rc2 Rcc8 21. Rfc1 Qa8 22. f3 (22. Bh4 {looks sharper.} Bh6 23. Qd3 Rfe8 24. Kh2) 22... Bh6 23. Bf2 Kg7 24. Be2 Rxc2 25. Rxc2 Nd5 26. Nc4 {[%emt 0:06:46] e4 would now be deadly.} (26. e4 $5 Nb4 $8 27. Nc4 $11 (27. Rb2 d5 $15)) 26... Nb4 27. Rc3 {[%emt 0:00:10][%cal Oe3e4] aiming for e4!} Qd8 28. Qb2 Kg8 29. Qd2 Nd5 30. Rc2 Nb4 31. Rc3 Nd5 32. Rc1 Nb4 33. Nb2 Qd7 34. Nc4 Qd8 35. Nb2 Qd7 36. Nc4 {[%emt 0:01:16] Weighted Error Value: White=0.07 (flawless) /Black=0.05 (flawless) .  Inaccurate:     	White=3     	---        OK:         	White=7     	Black=11} 1/2-1/2

[Event "Mitropa Cup Women 2024"]
[Site "Apolda"]
[Date "2024.02.18"]
[Round "4.6"]
[White "Zimina, Olga"]
[Black "Demeter, Dorina"]
[Result "1/2-1/2"]
[ECO "A13"]
[WhiteElo "2291"]
[BlackElo "2271"]
[Annotator "TA"]
[PlyCount "43"]
[EventDate "2024.02.15"]
[EventType "team-tourn"]
[EventCountry "GER"]
[SourceTitle "playchess.com"]
[Source "ChessBase"]
[SourceQuality "1"]
[WhiteTeam "Italy"]
[BlackTeam "Hungary"]
[WhiteTeamCountry "ITA"]
[BlackTeamCountry "HUN"]
[TimeControl "40/5400+30:1800+30"]

1. Nf3 d5 2. b3 Nf6 3. Bb2 e6 4. c4 c5 5. e3 Nc6 6. cxd5 exd5 7. Bb5 Bd6 8. O-O O-O 9. d4 cxd4 10. Nxd4 Bc7 11. Nd2 ({Reject} 11. Nxc6 bxc6 12. Be2 (12. Bxc6 $2 {is the wrong capture.} Qd6 $19) 12... Qd6 $17) 11... Qd6 12. N4f3 Bg4 13. h3 Bh5 14. Rc1 Rfe8 15. Re1 Rad8 16. a3 Ne4 17. Nxe4 Rxe4 18. Bd3 Ree8 {[%emt 0:02:21] [#] ...Bxf3 would now be deadly.} (18... Bxf3 $5 19. Qxf3 Qh2+ 20. Kf1 Re6 $15) 19. Bb5 Re4 20. Bd3 Ree8 {[%emt 0:00:24] Threatens to win with ...Bxf3.} 21. Bb5 Re4 22. Bd3 {A rather calm draw.   Weighted Error Value: White=0.15 (very precise) /Black=0.22 (precise) .  Inaccurate:     	White=5     	Black=3      OK:         	White=6     	Black=2} 1/2-1/2

[Event "Mitropa Cup Women 2024"]
[Site "Apolda"]
[Date "2024.02.18"]
[Round "4.7"]
[White "Terbe, Zsuzsanna"]
[Black "Gueci, Tea"]
[Result "0-1"]
[ECO "D36"]
[WhiteElo "2170"]
[BlackElo "2193"]
[Annotator "RC"]
[PlyCount "54"]
[EventDate "2024.02.15"]
[EventType "team-tourn"]
[EventCountry "GER"]
[SourceTitle "playchess.com"]
[Source "ChessBase"]
[SourceQuality "1"]
[WhiteTeam "Hungary"]
[BlackTeam "Italy"]
[WhiteTeamCountry "HUN"]
[BlackTeamCountry "ITA"]
[TimeControl "40/5400+30:1800+30"]

1. d4 d5 2. c4 e6 3. Nc3 Nf6 4. cxd5 exd5 5. Bg5 c6 6. e3 h6 7. Bh4 Be7 8. Bd3 O-O 9. Qc2 Re8 10. Nf3 Ne4 11. Bxe4 Bxh4 12. Bh7+ Kh8 13. Nxh4 Qxh4 14. Bf5 Rxe3+ 15. Kf1 Re8 16. Bxc8 Rxc8 17. Nxd5 Na6 18. Ne3 Qxd4 19. Ke2 Re8 20. Rhd1 Qh4 21. h3 Nb4 22. Qb3 Nd5 23. Kf1 Nxe3+ 24. fxe3 Re7 25. Rd4 Qg3 26. Re1 Rae8 27. Rg4 Qxe1+ 0-1

[Event "Mitropa Cup Women 2024"]
[Site "Apolda"]
[Date "2024.02.18"]
[Round "4.8"]
[White "Sala, Giulia"]
[Black "Karacsonyi, Kata"]
[Result "1-0"]
[ECO "B93"]
[WhiteElo "2035"]
[BlackElo "2087"]
[Annotator "NA RC"]
[PlyCount "71"]
[EventDate "2024.02.15"]
[EventType "team-tourn"]
[EventCountry "GER"]
[SourceTitle "playchess.com"]
[Source "ChessBase"]
[SourceQuality "1"]
[WhiteTeam "Italy"]
[BlackTeam "Hungary"]
[WhiteTeamCountry "ITA"]
[BlackTeamCountry "HUN"]
[TimeControl "40/5400+30:1800+30"]

1. e4 c5 2. Nf3 d6 3. d4 cxd4 4. Nxd4 Nf6 5. Nc3 a6 6. f4 e5 7. Nf3 Nbd7 8. a4 Be7 9. Bd3 O-O 10. O-O exf4 11. Kh1 Nc5 12. Bxf4 Bg4 13. Qe1 Nxd3 14. cxd3 Re8 15. Qg3 Qd7 16. Bg5 h6 17. Bxf6 Bxf6 18. Nd5 Bd8 19. h3 Be6 20. Nd4 Bxd5 21. Nf5 Bg5 22. h4 Bf6 23. exd5 Kh7 24. d4 Rad8 25. Rf2 Re2 26. Rf4 Rde8 27. Raf1 R8e7 28. Nxe7 Qxe7 29. Qd3+ Kg8 30. Rc1 Re1+ 31. Rxe1 Qxe1+ 32. Qf1 Qe3 33. Qf3 Qc1+ 34. Kh2 Qxb2 35. Re4 Bxd4 36. Re8+ 1-0

[Event "Mitropa Cup Women 2024"]
[Site "Apolda"]
[Date "2024.02.18"]
[Round "4.9"]
[White "Polterauer, Chiara"]
[Black "Novosadova, Kristyna"]
[Result "1-0"]
[ECO "B33"]
[WhiteElo "2189"]
[BlackElo "2188"]
[Annotator "RC"]
[PlyCount "95"]
[EventDate "2024.02.15"]
[EventType "team-tourn"]
[EventCountry "GER"]
[SourceTitle "playchess.com"]
[Source "ChessBase"]
[SourceQuality "1"]
[WhiteTeam "Austria"]
[BlackTeam "Czech Republic"]
[WhiteTeamCountry "AUT"]
[BlackTeamCountry "CZE"]
[TimeControl "40/5400+30:1800+30"]

1. e4 c5 2. Nf3 Nc6 3. d4 cxd4 4. Nxd4 Nf6 5. Nc3 e5 6. Ndb5 d6 7. Bg5 a6 8. Na3 b5 9. Nd5 Be7 10. Bxf6 Bxf6 11. c3 Bg5 12. Nc2 Ne7 13. Nxe7 Qxe7 14. a4 bxa4 15. Rxa4 O-O 16. Bc4 Qb7 17. O-O Qxb2 18. Qd3 Qb6 19. Nb4 a5 20. Nd5 Qc5 21. Rb1 Bd7 22. Bb5 Be6 23. Rc4 Qa7 24. Rc7 Qb8 25. Bd7 Bxd5 26. Rxb8 Rfxb8 27. exd5 a4 28. Bc6 Bd8 29. Rd7 Ra5 30. Bxa4 Rxa4 31. g3 e4 32. Qe3 h6 33. Qf4 Bf6 34. Qxd6 Rb1+ 35. Kg2 e3 36. fxe3 Ra2+ 37. Kf3 Rf1+ 38. Ke4 Bxc3 39. Qb8+ Kh7 40. Qb3 f5+ 41. Kd3 Rfa1 42. Qxc3 Ra3 43. Rxg7+ Kh8 44. Rf7+ Rxc3+ 45. Kxc3 Rd1 46. Rxf5 Kg7 47. Kc2 Ra1 48. d6 1-0

[Event "Mitropa Cup Women 2024"]
[Site "Apolda"]
[Date "2024.02.18"]
[Round "4.10"]
[White "Koubova, Anna Marie"]
[Black "Hapala, Elisabeth"]
[Result "1/2-1/2"]
[ECO "E20"]
[WhiteElo "2100"]
[BlackElo "2001"]
[Annotator "NA RC"]
[PlyCount "149"]
[EventDate "2024.02.15"]
[EventType "team-tourn"]
[EventCountry "GER"]
[SourceTitle "playchess.com"]
[Source "ChessBase"]
[SourceQuality "1"]
[WhiteTeam "Czech Republic"]
[BlackTeam "Austria"]
[WhiteTeamCountry "CZE"]
[BlackTeamCountry "AUT"]
[TimeControl "40/5400+30:1800+30"]

1. d4 Nf6 2. c4 e6 3. Nc3 Bb4 4. f3 d5 5. a3 Be7 6. e4 dxe4 7. fxe4 c5 8. d5 exd5 9. exd5 O-O 10. Be2 Bf5 11. Nf3 a6 12. O-O Bg6 13. Nh4 Bd6 14. Bg5 Nbd7 15. Nf5 Be5 16. Kh1 Bxf5 17. Rxf5 Qc7 18. Bd3 g6 19. Rf3 Ng4 20. g3 f6 21. Bf4 Rae8 22. Qd2 f5 23. Bf1 Bxf4 24. Qxf4 Qxf4 25. gxf4 Ngf6 26. b4 Ne4 27. Rd1 Nxc3 28. Rxc3 Re4 29. bxc5 Nxc5 30. Rf3 Kf7 31. Kg2 Ke7 32. Rh3 Rf7 33. Rh4 g5 34. Rh6 Rxf4 35. d6+ Kd7 36. Rd5 b6 37. Be2 Re4 38. Bh5 Rg7 39. Rxf5 Rxc4 40. Re5 Rd4 41. Be8+ Kd8 42. Bc6 Nd7 43. Rhe6 Rg8 44. Rf5 Rc4 45. Bb7 Nc5 46. Re7 Rc2+ 47. Kg1 Re8 48. Rfe5 Rf8 49. Bc6 Rc1+ 50. Kg2 Rc2+ 51. Kh3 Rc3+ 52. Kg4 Rc4+ 53. Kh5 Ne6 54. R5xe6 Rxc6 55. Rxh7 Rg8 56. Ree7 Rc4 57. Rd7+ Kc8 58. Rc7+ Rxc7 59. Rxc7+ Kb8 60. Rc6 Kb7 61. Rc7+ Kb8 62. Rc6 Kb7 63. Rc7+ Kb8 64. Rc2 b5 65. d7 a5 66. Rc5 b4 67. Rxa5 bxa3 68. Rxa3 Kc7 69. Rd3 Kd8 70. h3 Rg7 71. Kh6 Rxd7 72. Rxd7+ Kxd7 73. Kxg5 Ke7 74. Kg6 Kf8 75. h4 1/2-1/2

[Event "Mitropa Cup Women 2024"]
[Site "Apolda"]
[Date "2024.02.18"]
[Round "4.12"]
[White "Mayrhuber, Nikola"]
[Black "Lhotska, Anna"]
[Result "0-1"]
[ECO "E10"]
[WhiteElo "2009"]
[BlackElo "2053"]
[Annotator "NA"]
[PlyCount "270"]
[EventDate "2024.02.15"]
[EventType "team-tourn"]
[EventCountry "GER"]
[SourceTitle "playchess.com"]
[Source "ChessBase"]
[SourceQuality "1"]
[WhiteTeam "Austria"]
[BlackTeam "Czech Republic"]
[WhiteTeamCountry "AUT"]
[BlackTeamCountry "CZE"]
[TimeControl "40/5400+30:1800+30"]

1. d4 Nf6 2. c4 c5 3. d5 e6 4. Nf3 exd5 5. cxd5 d6 6. g3 g6 7. a4 Bg7 8. Bg2 O-O 9. Nfd2 Re8 10. O-O Nbd7 11. Na3 a6 12. Nac4 Ne5 13. Nxe5 Rxe5 14. Nc4 Re7 15. a5 Ng4 16. h3 Ne5 17. Nb6 Rb8 18. e4 Nd7 19. Nc4 Ne5 20. Ne3 b5 21. axb6 Nd7 22. Nc4 Nxb6 23. Na5 Bd7 24. Qc2 Qc7 25. Bg5 Ree8 26. Ra3 Bb5 27. Rd1 Nd7 28. b4 c4 29. Be3 Rbc8 30. Bd4 Bxd4 31. Rxd4 Ne5 32. Rc3 Qd7 33. Bf1 h5 34. Kh2 Nd3 35. Nxc4 Nxb4 36. Qb2 Qa7 37. Rd2 Qc5 38. Rb3 Bxc4 39. Bxc4 Rxe4 40. Rxb4 Rxc4 41. Rb7 h4 42. Qf6 hxg3+ 43. fxg3 Rf8 44. Qf2 Qa5 45. Rd7 Rc3 46. Rxd6 Rf3 47. Qxf3 Qxd2+ 48. Qg2 Qd3 49. Rf6 Re8 50. Rf2 Re3 51. Rd2 Qc3 52. Rc2 Qe5 53. Rd2 Qc3 54. Rc2 Qd4 55. Qf2 Qe5 56. Rd2 Qc3 57. d6 Rd3 58. Rc2 Qe5 59. Rc8+ Kg7 60. Rc7 Qd5 61. Qb2+ Kh7 62. Rc2 Qxd6 63. Rg2 Qd5 64. Qf6 a5 65. Rf2 Rd2 66. Rxd2 Qxd2+ 67. Kg1 Qd5 68. h4 Qf5 69. Qd4 Qb1+ 70. Kh2 Qc2+ 71. Kg1 a4 72. Qf4 Qd1+ 73. Kh2 Qb3 74. h5 Qc2+ 75. Kg1 Qd1+ 76. Kf2 Qb3 77. hxg6+ fxg6 78. Qh4+ Kg7 79. Qd4+ Kf7 80. Qf4+ Kg8 81. Qd6 a3 82. Qxg6+ Kf8 83. Qd6+ Kf7 84. Qd7+ Kf8 85. Qd6+ Kg7 86. Qe5+ Kf7 87. Qf5+ Ke7 88. Qc5+ Ke6 89. Qc6+ Ke5 90. Qc5+ Ke4 91. Qe7+ Kd3 92. Qe2+ Kc3 93. Qe5+ Kc2 94. Qe2+ Kb1 95. Qe1+ Kb2 96. Qe5+ Qc3 97. Qb5+ Qb3 98. Qe5+ Kc1 99. Qf4+ Kb1 100. Kg2 a2 101. Qf1+ Kb2 102. Qf6+ Qc3 103. Qb6+ Kc1 104. Qg1+ Kc2 105. Kh3 a1=Q 106. Qf2+ Kd3 107. Qf3+ Kd4 108. Qf6+ Kd5 109. Qf7+ Kd6 110. Qf8+ Kc7 111. Qf4+ Qe5 112. Qc4+ Kd6 113. Qb4+ Ke6 114. Qc4+ Kd7 115. Qf7+ Kd6 116. Qf8+ Qe7 117. Qb8+ Ke6 118. Qg8+ Kf6 119. Qh8+ Qg7 120. Qh4+ Kf7 121. Qc4+ Kf8 122. Qc8+ Ke7 123. Qc7+ Ke6 124. Qc6+ Ke5 125. Qc5+ Ke4 126. Qc6+ Ke3 127. Qc5+ Qgd4 128. Qg5+ Ke4 129. Qg4+ Ke5 130. Qg5+ Ke6 131. Qg8+ Ke7 132. Qg5+ Qf6 133. Qc5+ Kf7 134. Qc7+ Kg6 135. Qc2+ Qf5+ 0-1